 Dungeon Crawl Stone Soup version 0.21.1-1-g345015f (webtiles) character file.

144 shakethe the Firebug (level 5, -10/28 HPs)
             Began as a Deep Elf Fire Elementalist on Feb 8, 2018.
             Killed by divine providence
             ... invoked by an orc priest
              (12 damage)
             ... on level 3 of the Dungeon.
             The game lasted 00:07:18 (2096 turns).

shakethe the Firebug (Deep Elf Fire Elementalist)   Turns: 2096, Time: 00:07:19

Health: -10/28     AC:  4    Str:  5    XL:     5   Next: 5%
Magic:  0/12       EV: 13    Int: 21    God:
Gold:   135        SH:  0    Dex: 15    Spells: 3/11 levels left

rFire    . . .     SeeInvis .   p - +0 short sword
rCold    . . .     Gourm    .   (no shield)
rNeg     . . .     Faith    .   a - +0 robe
rPois    .         Spirit   +   f - +0 helmet
rElec    .         Reflect  .   (no cloak)
rCorr    .         Harm     .   g - +0 pair of gloves
MR       .....                  (no boots)
Stlth    ++........             k - amulet of guardian spirit {Spirit}
HPRegen  0.09/turn              (no ring)
MPRegen  0.13/turn              (no ring)

@: very slightly contaminated
A: no striking features
a: no special abilities


You were on level 3 of the Dungeon.
You were hungry.

You visited 1 branch of the dungeon, and saw 3 of its levels.

You collected 135 gold pieces.

Inventory:

Hand Weapons
 p - a +0 short sword (weapon)
   (You took it off a kobold on level 1 of the Dungeon)
Armour
 a - a +0 robe (worn)
 f - a +0 helmet (worn)
   (You found it on level 1 of the Dungeon)
 g - a +0 pair of gloves (worn)
   (You found it on level 1 of the Dungeon)
Jewellery
 k - an amulet of guardian spirit (around neck) {Spirit}
   (You found it on level 1 of the Dungeon)
Wands
 q - a wand of digging (12)
   (You found it on level 3 of the Dungeon)
Scrolls
 d - a scroll of identify {unknown}
 e - 6 scrolls of teleportation {unknown}
 m - a scroll of random uselessness {unknown}
 n - a scroll of fear {unknown}
Potions
 h - 2 potions of flight {unknown}
 i - a potion of lignification {unknown}
 j - a potion of mutation {unknown}
 l - a potion of berserk rage {unknown}
 o - 2 potions of curing {unknown}
 r - a potion of haste {unknown}
 t - a potion of brilliance {unknown}
Books
 b - a book of Flames
 s - a book of Misfortune
   (You found it on level 3 of the Dungeon)
Comestibles
 c - 7 rations
 u - 2 chunks of flesh {@w0}


   Skills:
 + Level 0.1 Fighting
 - Level 2.4 Dodging
 - Level 2.4 Stealth
 + Level 3.8 Spellcasting
 + Level 2.6 Conjurations
 * Level 5.3 Fire Magic


You had 3 spell levels left.
You knew the following spells:

 Your Spells              Type           Power        Failure   Level  Hunger
a - Flame Tongue          Conj/Fire      ###..        2%          1    None
c - Conjure Flame         Conj/Fire      ###.....     7%          3    ###....
s - Sticky Flame          Conj/Fire      ###.....     22%         4    ####...


Dungeon Overview and Level Annotations

Branches:
Dungeon (3/15)

Altars:
Gozag


Message History

There is a shaft here.
A rat comes into view.
Aim: a rat The flame tongue misses the rat.
The rat closely misses you.
You now have 6/11 mp.
Aim: a rat The flame tongue hits the rat.
The rat bites you but does no damage.
You now have 5/11 mp.
Aim: a rat (severely wounded)
The flame tongue hits the rat.
You kill the rat!
You now have 4/11 mp.
You see here 14 poisoned needles.
c - 7 rations (gained 1)
An adder comes into view.
Health restored: 24 You regained 3 mp, and now have 7/11 mp.
The adder hisses angrily.
Aim: an adder The flame tongue misses the adder.
Aim: an adder The flame tongue hits the adder.
The adder barely misses you.
You now have 6/11 mp.
Aim: an adder (lightly wounded)
The flame tongue hits the adder.
The adder bites you. The adder barely misses you.
You take 1 damage, and have 23/24 hp.
You now have 5/11 mp.
Aim: an adder (severely wounded)
The flame tongue hits the adder.
You kill the adder!
You now have 4/11 mp.
You start resting.
Health restored: 24; MP restored: 11 2 orcs come into view.
The orc shouts! x2; You hear a shout! x2
Aim: an orc, wielding a short sword The flame tongue hits the orc.
You now have 10/11 mp.
Aim: an orc, wielding a short sword (almost dead)
The flame tongue hits the orc.
You kill the orc!
You have reached level 5!
Health restored: 28 You now have 9/12 mp.
Aim: an orc The flame tongue hits the orc.
You kill the orc!
You now have 8/12 mp.
You see here a short sword.
An orc comes into view. It is wielding a falchion.
An orc priest comes into view.
Aim: an orc, wielding a falchion and wearing a scale mail The flame tongue hits the orc.
You kill the orc!
The orc priest calls down the wrath of Beogh upon you.
Beogh smites you!
You take 8 damage, and have 20/28 hp.
MASSIVE DAMAGE!!
You now have 6/12 mp.
An orc comes into view. It is wielding a dagger.
Aim: an orc, wielding a dagger and wearing a leather armour The flame tongue hits the orc.
You now have 6/12 mp.
Aim: an orc, wielding a dagger and wearing a leather armour (heavily wounded)
The flame tongue hits the orc.
You kill the orc!
You now have 5/12 mp.
The orc priest misses you.
Things that are here:
a dagger; a leather armour; an orc corpse
Okay, then.
Aim: an orc priest You miscast Sticky Flame.
You are very lightly contaminated with residual magic.
Sparks fly from your hands! The orc priest barely misses you.
You now have 1/12 mp.
You don't have enough magic to cast that spell.
The orc priest mumbles some strange prayers to Beogh against you.
Beogh smites you!
You take 10 damage, and have 11/28 hp.
MASSIVE DAMAGE!!
You now have 1/12 mp.
You are feeling hungry.
The orc priest invokes the aid of Beogh against you.
Pain shoots through your body!
* * * LOW HITPOINT WARNING * * *
You take 4 damage, and have 7/28 hp.
You don't have enough magic to cast that spell.
The orc priest mumbles some strange prayers to Beogh against you.
Beogh smites you!
* * * LOW HITPOINT WARNING * * *
You take 7 damage, and have 1/28 hp.
MASSIVE DAMAGE!!
You now have 0/12 mp.
The orc priest calls down the wrath of Beogh upon you.
You struggle to resist.
You don't have enough magic to cast that spell.
The orc priest mumbles some strange prayers to Beogh against you.
Beogh smites you!
You die...

#.##..# #..#.#
#..........# #.##..#
#....# #.########.#
#.##..# #...## #.# #.#
#.##..#######...#####.#
#..
#.##...........(......#
##.#
#.##.########...#######
#... #.##....#
#...#####.## #..#
####.# #.......o#.##
#..# #.# #.#@###.###.##
#..#
.#####.#####.#....##
##.####..#
#.......>.....#####.#
#..o..o..#
#######.#######
#.#.######.## #.# #.#
#...# #.# #... #.###
#.# # ##.##o#### #.#
#...#.... #.# ####.####


You could see an orc priest.

Vanquished Creatures
  Natasha (thrice) (D:3)
  2 adders
  2 worms
  4 orcs (D:3)
  A ball python (D:1)
  4 giant cockroaches
  3 goblins
  7 hobgoblins
  A kobold (D:1)
  4 quokkas
  4 bats
  A frilled lizard (D:1)
  7 rats
43 creatures vanquished.

Notes
Turn   | Place    | Note
-------+----------+-------------------------------------------
     0 | D:1      | shakethe the Deep Elf Fire Elementalist began the quest for the Orb.
     0 | D:1      | Reached XP level 1. HP: 10/10 MP: 6/6
   433 | D:1      | Reached XP level 2. HP: 15/15 MP: 1/8
   483 | D:1      | Reached skill level 4 in Fire Magic
   775 | D:2      | Found an opulent altar of Gozag.
   781 | D:2      | Reached XP level 3. HP: 19/19 MP: 6/9
  1249 | D:3      | Noticed Natasha
  1261 | D:3      | Killed Natasha
  1434 | D:3      | Learned a level 3 spell: Conjure Flame
  1531 | D:3      | Noticed Natasha
  1537 | D:3      | Reached XP level 4. HP: 20/24 MP: 4/11
  1577 | D:3      | Killed Natasha
  1577 | D:3      | Reached skill level 2 in Conjurations
  1707 | D:2      | Learned a level 4 spell: Sticky Flame
  1864 | D:3      | Noticed Natasha
  1867 | D:3      | Killed Natasha
  1867 | D:3      | Reached skill level 5 in Fire Magic
  2048 | D:3      | Reached XP level 5. HP: 28/28 MP: 9/12
  2075 | D:3      | HP: 7/28 [orc priest/nerve-wracking pain (4)]
  2085 | D:3      | HP: 1/28 [orc priest/divine providence (7)]
  2096 | D:3      | Killed from afar by an orc priest

Skill      XL: |  1  2  3  4 |
---------------+-------------+-----
Fire Magic     | 4 5 |  5.3
Conjurations   | 2 |  2.6
Fighting       | |  0.1
Dodging        | |  2.4
Stealth        | |  2.4
Spellcasting   | |  3.8

Action                   |  1- 3 |  4- 6 || total
-------------------------+-------+-------++-------
Melee: Short sword       |     3 |       ||     3
 Cast: Flame Tongue      |    61 |    36 ||    97
  Use: Scroll            |       |     1 ||     1
  Eat: Chunk             |     2 |     1 ||     3
Armor: Robe              |     8 |     2 ||    10
Dodge: Dodged            |    20 |    12 ||    32

Vault maps used:
D:1:      dpeg_arrival_court, minmay_close_crescents
D:2:      nicolae_gozag_seed_capital
D:3:      uniq_natasha

Table legend:
 A = Turns spent in this place as a percentage of turns spent in the entire game.
 B = Non-inter-level travel turns spent in this place as a percentage of non-inter-level travel turns spent in the entire game.
 C = Inter-level travel turns spent in this place as a percentage of turns spent in this place.
 D = Turns resting spent in this place as a percentage of non-inter-level travel turns spent in this place.
 E = Turns spent auto-exploring this place as a percentage of non-inter-level travel turns spent in this place.
 F = Non-inter-level travel turns spent in this place divided by the number of levels of this place that you've seen.
                   A       B       C       D       E      F
               +-------+-------+-------+-------+-------+----------------------
         Total | 100.0 | 100.0 |   0.0 |  23.4 |  51.3 | 698.7
       Dungeon | 100.0 | 100.0 |   0.0 |  23.4 |  51.3 | 698.7
               +-------+-------+-------+-------+-------+----------------------

Table legend:
 A = Kills in this place as a percentage of kills in entire the game.
 B = Kills by you in this place as a percentage of kills by you in the entire game.
 C = Kills by friends in this place as a percentage of kills by friends in the entire game.
 D = Other kills in this place as a percentage of other kills in the entire game.
 E = Experience gained in this place as a percentage of experience gained in the entire game.
 F = Experience gained in this place divided by the number of levels of this place that you have seen.
                   A       B       C       D       E      F
               +-------+-------+-------+-------+-------+----------------------
         Total | 100.0 | 100.0 |   N/A |   N/A | 100.0 |  69.0
       Dungeon | 100.0 | 100.0 |   N/A |   N/A | 100.0 |  69.0
               +-------+-------+-------+-------+-------+----------------------
